 Dungeon Crawl Stone Soup version 0.30-a0-347-gf58ed5266c (webtiles) character file.

Game seed: 3259960904746694675

110 KennySheep the Digger (level 5, -12/35 HPs)
             Began as a Formicid Earth Elementalist on Nov 7, 2022.
             Was a Follower of Cheibriados.
             Killed by divine providence
             ... invoked by an orc priest
              (14 damage)
             ... on level 3 of the Dungeon.
             The game lasted 00:05:35 (2525 turns).

KennySheep the Digger (Formicid Earth Elementalist) Turns: 2525, Time: 00:05:36

Health: -12/35     AC:  3    Str: 17    XL:     5   Next: 14%
Magic:  4/9        EV: 12    Int: 18    God:    Cheibriados [*.....]
Gold:   209        SH:  0    Dex: 17    Spells: 6/9 levels left

rFire   . . .      SeeInvis +    f - +0 dagger
rCold   . . .      Faith    .    (no shield)
rNeg    . . .      Spirit   .    a - +0 robe
rPois   .          Reflect  .    (helmet unavailable)
rElec   .          Harm     .    d - +0 cloak
rCorr   .          Rampage  .    (no gloves)
Will    .....                    (no boots)
Stlth   ++........               (no amulet)
HPRegen 0.25/turn                (no ring)
MPRegen 0.11/turn                (no ring)

@: studying Armour, very slow
A: permanent stasis, dig shafts and tunnels, antennae 3, four strong arms
a: Dig, Shaft Self, Renounce Religion, Bend Time


You were on level 3 of the Dungeon.
You worshipped Cheibriados.
Cheibriados was aware of your devotion.
You visited 1 branch of the dungeon, and saw 3 of its levels.

You collected 209 gold pieces.

Inventory:

Hand Weapons
 f - a +0 dagger (weapon)
Armour
 a - a +0 robe (worn)
 d - a +0 cloak (worn)
Wands
 p - a wand of charming (6)
Scrolls
 c - a scroll of fog {unknown}
 e - a scroll of teleportation {unknown}
 i - a scroll of enchant weapon {unknown}
 j - a scroll of torment {unknown}
 k - a scroll of identify {unknown}
 l - a scroll of noise {unknown}
 n - 2 scrolls of blinking {unknown}
 o - a scroll of enchant armour {unknown}
Potions
 b - a potion of magic
 g - 2 potions of degeneration {unknown}
 h - 2 potions of heal wounds {unknown}
 m - a potion of brilliance {unknown}
 q - a potion of attraction {unknown}


   Skills:
 + Level 0.0 Fighting
 + Level 0.7 Maces & Flails
 + Level 0.2 Armour
 + Level 1.7 Dodging
 - Level 2.4 Stealth
 - Level 0.1 Unarmed Combat
 + Level 2.9 Spellcasting
 - Level 3.0 Transmutations
 * Level 4.9 Earth Magic
 + Level 0.0 Invocations


You had 6 spell levels left.
You knew the following spells:

 Your Spells              Type           Power      Damage    Failure   Level
a - Sandblast             Erth           40%        2d10      2%          1
b - Passwall              Tmut/Erth      13%        N/A       4%          2

Your spell library contained the following spells:

 Spells                   Type           Power      Damage    Failure   Level
 Stone Arrow              Conj/Erth      22%        3d8       19%         3
 Petrify                  Tmut/Erth      16%        N/A       32%         4
 Dazzling Flash           Conj/Hex       4%         N/A       45%         3
 Agony                    Necr           2%         N/A       99%         5
 Silence                  Hex/Air        1%         N/A       99%         5


Dungeon Overview and Level Annotations

Branches:
Dungeon (3/15)

Altars:
Cheibriados
Qazlal

Annotations:
D:2 Sigmund


Innate Abilities, Weirdness & Mutations

You cannot be hasted, slowed, berserked, paralysed or teleported.
You can dig through walls and to a lower floor.
You have a pair of large antennae on your head. (SInv)
Your four strong arms can wield two-handed weapons with a shield.


Message History

Aim: an orc priest, wielding a +0 short sword and wearing a +0 chain mail (87% to hit)
The blast of sand hits the orc priest but does no damage.
The orc priest barely misses you.
The orc priest miscasts a cantrip.
The orc priest barely misses you.
Aiming: Sandblast (safe; 2% risk of failure)
Press: ? - help, Q - select action, (/) - cycle Shift-Dir - straight line, f/p - orc priest
Aim: an orc priest, wielding a +0 short sword and wearing a +0 chain mail (87% to hit)
The blast of sand hits the orc priest.
The orc priest is heavily wounded.
The orc priest invokes the aid of Beogh against you.
You struggle to resist.
Aiming: Sandblast (safe; 2% risk of failure)
Press: ? - help, Q - select action, (/) - cycle Shift-Dir - straight line, f/p - orc priest
Aim: an orc priest, wielding a +0 short sword and wearing a +0 chain mail (heavily wounded, 87% to hit)
The blast of sand hits the orc priest.
The orc priest is severely wounded.
The orc priest mumbles some strange prayers to Beogh against you.
Beogh smites you!
The orc priest invokes the aid of Beogh against you.
Beogh smites you!
* * * LOW HITPOINT WARNING * * *
The orc priest hits you with a +0 short sword.
* * * LOW HITPOINT WARNING * * *
Okay, then.
Aiming: Sandblast (safe; 2% risk of failure)
Press: ? - help, Q - select action, (/) - cycle Shift-Dir - straight line, f/p - orc priest
Aim: an orc priest, wielding a +0 short sword and wearing a +0 chain mail (severely wounded, 87% to hit)
The blast of sand hits the orc priest but does no damage.
The orc priest is severely wounded.
The orc priest hits you but does no damage.
Aiming: Sandblast (safe; 2% risk of failure)
Press: ? - help, Q - select action, (/) - cycle Shift-Dir - straight line, f/p - orc priest
Aim: an orc priest, wielding a +0 short sword and wearing a +0 chain mail (severely wounded, 87% to hit)
The blast of sand hits the orc priest!
You kill the orc priest!
Cheibriados appreciates the change of pace.
The orc priest invokes the aid of Beogh against you.
Beogh smites you!
You die...

###### #....#
############## #.##.#
#......@oB...# #.##.#
#(#######........
#.##.###.#######.##..#..
#.##......>.<....# ....
##.######.#######.# .#.
##..######.#######.# ..
...................# #
##.#######.######..#
......# #.######..


You could see an orc priest and a giant cockroach.

Vanquished Creatures
  An orc priest (D:3)
  A gnoll (D:1)
  4 adders
  2 worms
  An orc (D:3)
  A bat (D:2)
  2 endoplasms (D:1)
  8 giant cockroaches
  2 goblins
  6 hobgoblins
  4 jackals (D:1)
  6 quokkas
  4 ball pythons
  3 frilled lizards
  5 kobolds
  8 rats
58 creatures vanquished.

Notes
Turn   | Place    | Note
-------+----------+-------------------------------------------
     0 | D:1      | KennySheep the Formicid Earth Elementalist began the quest
                  | for the Orb.
     0 | D:1      | Reached XP level 1. HP: 13/13 MP: 3/3
   304 | D:1      | Reached XP level 2. HP: 19/19 MP: 1/5
   418 | D:1      | Reached skill level 4 in Earth Magic
   484 | D:1      | Learned a level 2 spell: Passwall
   581 | D:1      | Reached XP level 3. HP: 24/24 MP: 2/6
  1440 | D:2      | Found a stormy altar of Qazlal.
  1514 | D:2      | Reached XP level 4. HP: 20/30 MP: 0/8
  1722 | D:2      | Noticed Sigmund
  2153 | D:3      | Reached XP level 5. HP: 5/35 MP: 2/9
  2274 | D:3      | Found a faded altar of an unknown god.
  2282 | D:3      | Prayed at the altar of an unknown god.
  2282 | D:3      | Became a worshipper of Cheibriados the Contemplative
  2282 | D:3      | Reached * piety under Cheibriados
  2523 | D:3      | HP: 1/35 [orc priest/+0 short sword (4)]
  2525 | D:3      | Killed from afar by an orc priest

Illustrated notes

Levels and vault maps discovered:
D:1:      kennysheep_arrival_seaside, layout_loops_ring, minmay_tromino_v2
D:2:      layout_rooms, basic_altar, uniq_sigmund
D:3:      layout_loops_ring, nicolae_ecumenical_snake_handling

Skill      XL: |  1  2  3  4 |
---------------+-------------+-----
Earth Magic    | 4 |  4.9
Transmutations | 2 3 |  3.0
Maces & Flails | |  0.7
Armour         | |  0.2
Dodging        | |  1.7
Stealth        | |  2.4
Unarmed Combat | |  0.1
Spellcasting   | |  2.9

Action                   |  1- 3 |  4- 6 || total
-------------------------+-------+-------++-------
Melee: Unarmed           |    33 |       ||    33
       Dagger            |     8 |       ||     8
 Cast: Sandblast         |    57 |    40 ||    97
Armor: Robe              |    24 |     6 ||    30
Dodge: Dodged            |    55 |    13 ||    68

Table legend: (Time is in decaauts)
 A = Elapsed time spent in this place.
 B = Non-inter-level travel time spent in this place.
 C = Inter-level travel time spent in this place.
 D = Time resting spent in this place.
 E = Time spent auto-exploring this place.
 F = Levels seen in this place.
 G = Mean time per level.
                   A        B        C        D        E       F      G
               +--------+--------+--------+--------+--------+-----+--------+
         Total |   2622 |   2532 |     90 |    193 |   1908 |   3 |  874.0 |
       Dungeon |   2622 |   2532 |     90 |    193 |   1908 |   3 |  874.0 |
               +--------+--------+--------+--------+--------+-----+--------+

Top non-repeatable levels by time:
     D:1: 1445 daAuts
     D:2: 639 daAuts
     D:3: 537 daAuts
